 Dungeon Crawl Stone Soup version 0.30-a0-358-g0d69a1922f (webtiles) character file.

Game seed: 10088322991699349091

2620 NinjaNoafa the Basher (level 9, -4/72 HPs)
             Began as an Armataur Cinder Acolyte on Nov 10, 2022.
             Was a High Priest of Ignis.
             Slain by a yak (15 damage)
             ... on level 6 of the Dungeon.
             The game lasted 00:12:20 (6873 turns).

NinjaNoafa the Basher (Armataur Cinder Acolyte)     Turns: 6873, Time: 00:12:21

Health: -4/72      AC:  4    Str: 21    XL:     9   Next: 34%
Magic:  10/15      EV:  8    Int: 16    God:    Ignis [*****.]
Gold:   276        SH:  9    Dex:  7    Spells: 14/16 levels left

rFire   + . .      SeeInvis .    a - +3 flail (protect)
rCold   . . .      Faith    .    u - +1 kite shield
rNeg    . . .      Spirit   .    b - +0 robe
rPois   .          Reflect  .    (no helmet)
rElec   .          Harm     .    (no cloak)
rCorr   .          Roll     +    (no gloves)
Will    .....                    (no barding)
Stlth   +.........               y - amulet of the acrobat
HPRegen 0.32/turn                n - ring of wizardry
MPRegen 0.14/turn                (no ring)

@: about to teleport
A: large, rugged brown scales 3, deformed body, armoured tail, roll, long
tongue, awkward tongue
a: Renounce Religion, Fiery Armour, Foxfire Swarm, Rising Flame


You were on level 6 of the Dungeon.
You worshipped Ignis.
Ignis was extremely pleased with you.
You visited 1 branch of the dungeon, and saw 7 of its levels.

You collected 276 gold pieces.

Inventory:

Hand Weapons
 a - a +3 flail of protection (weapon)
 D - a +0 morningstar
Missiles
 d - 8 silver boomerangs
 g - 55 stones
 v - 5 boomerangs
 w - a throwing net
 x - 7 poisoned darts
Armour
 b - a +0 robe (worn)
 u - a +1 kite shield (worn)
Jewellery
 n - a ring of wizardry (left hand)
 y - an amulet of the acrobat (around neck)
Wands
 z - a wand of polymorph (7)
 C - a wand of roots (1)
Scrolls
 c - a scroll of teleportation
 k - a scroll of amnesia
 p - a scroll of immolation
 E - a scroll of magic mapping
Potions
 f - a potion of might
 h - 3 potions of haste
 i - 4 potions of curing
 j - 2 potions of ambrosia
 l - a potion of heal wounds
 m - a potion of mutation
 o - a potion of resistance
 q - 3 potions of attraction
 r - 2 potions of lignification {unknown}
 s - 2 potions of degeneration {unknown}
 t - a potion of brilliance {unknown}
 A - 2 potions of berserk rage {unknown}


   Skills:
 - Level 2.6 Fighting
 - Level 9.0 Maces & Flails
 + Level 6.2 Shields
 - Level 4.0 Spellcasting
 - Level 5.0 Fire Magic


You had 14 spell levels left.
You knew the following spells:

 Your Spells              Type           Power      Damage    Failure   Level
a - Scorch                Fire           38%        2d7       2%          2

Your spell library contained the following spells:

 Spells                   Type           Power      Damage    Failure   Level
 Necrotise                Necr           12%        1d4       14%         1
 Sandblast                Erth           6%         2d5       14%         1
 Passwall                 Tmut/Erth      2%         N/A       21%         2
 Sublimation of Blood     Necr           3%         N/A       21%         2
 Portal Projectile        Hex/Tloc       6%         N/A       38%         3
 Stone Arrow              Conj/Erth      6%         3d7       38%         3
 Summon Guardian Golem    Hex/Summ       3%         N/A       38%         3
 Tukima's Dance           Hex            3%         N/A       38%         3
 Vampiric Draining        Necr           3%         2d6       38%         3
 Petrify                  Tmut/Erth      3%         N/A       77%         4
 Agony                    Necr           3%         N/A       98%         5
 Blade Hands              Tmut           1%         N/A       98%         5
 Irradiate                Conj/Tmut      1%         3d12      98%         5
 Orb of Destruction       Conj           1%         9d5       100%        7
 Spellforged Servitor     Conj/Summ      1%         N/A       100%        7


Dungeon Overview and Level Annotations

Branches:
Dungeon (7/15)             Temple (0/1) D:5

Altars:
Wu Jian
Xom


Innate Abilities, Weirdness & Mutations

You are completely covered in rugged brown scales. (AC +3, +7% HP)
Armour fits poorly on your strangely shaped body.
You have a long armoured tail.
You roll when moving toward enemies. (Rampage)
Your long tongue fully drains potion bottles. (2x potion effects)
Your tongue gives you trouble enunciating. (1.5x scroll delay)


Message History

Casting: Scorch (safe; 2% risk of failure)
Confirm with . or Enter, or press ? or * to list all spells.
Flames lash the yak.
The yak is moderately wounded.
The yak's fire resistance burns away.
The grasping roots constrict the yak! x2
The roots release their grip on the yak. x2
The yak gores you.
* * * LOW HITPOINT WARNING * * *
The kobold hits you but does no damage. The yak attacks as you move away!
The yak gores you.
* * * LOW HITPOINT WARNING * * *
The yak attacks as you move away! The yak gores you but does no damage.
The yak attacks as you move away! The yak closely misses you.
You block the kobold's attack. The yak attacks as you move away!
The yak closely misses you. The kobold attacks as you move away!
The kobold misses you. The yak attacks as you move away!
The yak gores you but does no damage.
The yak is no longer more vulnerable to fire.
The kobold throws a stone.
The stone completely misses you.
As you slowly read the scroll of teleportation, it crumbles to dust.
You feel strangely unstable. The yak gores you!
* * * LOW HITPOINT WARNING * * *
Your surroundings suddenly seem different.
The kobold throws a stone.
The stone hits you but does no damage.
As you slowly read the scroll of teleportation, it crumbles to dust.
You feel strangely unstable.
Found a stone staircase leading up.
Your surroundings seem slightly different.
A yak is nearby!
As you slowly read the scroll of identify, it crumbles to dust.
p - a scroll of immolation As you slowly read the scroll of identify, it crumbles to dust.
B - a scroll of enchant armour As you slowly read the scroll of enchant armour, it crumbles to dust.
Your +0 kite shield glows green for a moment.
The yak attacks as you move away! You block the yak's attack.
As you slowly read the scroll of teleportation, it crumbles to dust.
You feel strangely unstable. The yak gores you but does no damage.
The yak gores you!
You die...

#.....####..###.†...###..
##....#......##.....#....
##..........###........#
#.....................#
##....................#.
#...........####†.....##
#..........#.#.........
#.........[........####
#.....@............###.
#....KY#...[.......##..
##.......#.<.[.###.....
#<....Y..#....## #.....
#.............## #.....
##.............###.....
##.#...###.....##.....
###...#####...##.....
##............#.....


You could see 2 yaks and a kobold.

Vanquished Creatures
  Pikel (D:5)
  2 yaks
  A wyvern (D:5)
  A steam dragon (D:6)
  Eustachio (D:5)
  Edmund (D:5)
  An orc warrior (D:6)
  2 phantoms
  Blork the orc (D:5)
  A kobold brigand (D:6)
  3 bullfrogs (D:6)
  A scorpion (D:6)
  A howler monkey (D:5)
  2 hounds
  3 orc priests (D:5)
  A gnoll bouda (D:5)
  Ijyb (D:4)
  3 iguanas
  5 orc wizards
  10 gnolls
  7 adders
  A shadow imp (D:5)
  A white imp (D:6)
  An ufetubus (D:5)
  2 worms
  5 dart slugs
  18 orcs
  4 ball pythons
  5 endoplasms
  2 giant cockroaches (D:2)
  12 goblins
  8 hobgoblins
  4 jackals (D:4)
  2 quokkas
  3 bats
  3 frilled lizards (D:2)
  12 kobolds
  2 rats (D:2)
134 creatures vanquished.

Vanquished Creatures (others)
  A hound (D:6)
  A shadow imp (D:6)
2 creatures vanquished.

Grand Total: 136 creatures vanquished

Notes
Turn   | Place    | Note
-------+----------+-------------------------------------------
     0 | D:1      | NinjaNoafa the Armataur Cinder Acolyte began the quest for
                  | the Orb.
     0 | D:1      | Reached XP level 1. HP: 19/19 MP: 2/2
   145 | D:1      | Reached XP level 2. HP: 15/26 MP: 3/3
   148 | D:1      | Learned a level 2 spell: Scorch
   510 | D:1      | Found a faded altar of an unknown god.
   787 | D:2      | Reached XP level 3. HP: 21/31 MP: 4/4
  1667 | D:2      | Reached XP level 4. HP: 39/39 MP: 2/5
  2227 | D:3      | Reached XP level 5. HP: 33/44 MP: 3/7
  2237 | D:3      | Reached skill level 5 in Fire Magic
  2555 | D:3      | Found a large runed translucent door.
  2556 | D:3      | Found a large runed translucent door.
  2559 | D:3      | Found a shimmering altar of Xom.
  3436 | D:4      | Reached XP level 6. HP: 51/53 MP: 5/10
  3732 | D:4      | Noticed Ijyb
  3760 | D:4      | Killed Ijyb
  4023 | D:4      | Reached skill level 3 in Maces & Flails
  4327 | D:5      | Entered Level 5 of the Dungeon
  4327 | D:5      | Noticed Eustachio
  4327 | D:5      | Found a staircase to the Ecumenical Temple.
  4328 | D:5      | Noticed Edmund
  4353 | D:5      | Noticed Blork the orc
  4356 | D:5      | Killed Blork the orc
  4398 | D:5      | Reached skill level 4 in Maces & Flails
  4398 | D:5      | Reached XP level 7. HP: 21/59 MP: 2/13
  4649 | D:5      | Reached skill level 5 in Maces & Flails
  4899 | D:5      | Killed Edmund
  4900 | D:5      | Reached skill level 6 in Maces & Flails
  5002 | D:5      | Noticed a wyvern
  5017 | D:5      | Killed a wyvern
  5018 | D:5      | Reached XP level 8. HP: 54/66 MP: 2/14
  5150 | D:5      | Killed Eustachio
  5151 | D:5      | Reached skill level 7 in Maces & Flails
  5263 | D:5      | Noticed a hornet
  5531 | D:5      | Noticed Pikel
  5558 | D:5      | Killed Pikel
  5559 | D:5      | Reached skill level 8 in Maces & Flails
  5696 | D:5      | Found an ornate altar of the Wu Jian Council.
  6057 | D:6      | Reached skill level 9 in Maces & Flails
  6057 | D:6      | Reached skill level 1 in Shields
  6326 | D:6      | Reached XP level 9. HP: 55/72 MP: 2/15
  6656 | D:6      | Reached skill level 5 in Shields
  6873 | D:6      | Slain by a yak

Illustrated notes

Levels and vault maps discovered:
D:1:      matt_arrival_refuge, layout_basic, dilly_ecumenical_altar_fadedgnrine
D:2:      minmay_door_path, layout_basic
D:3:      due_chaos_kobolds, layout_basic, kennysheep_generic_room_14
D:4:      layout_rooms, minmay_misc_feat_tiny, uniq_ijyb
D:5:      kennysheep_big_flooded_room, layout_basic,
          nicolae_wu_jian_wuxing_cycle, minmay_temple_entry_proselytizer,
          uniq_edmund, uniq_blork_the_orc, uniq_eustachio, uniq_pikel
D:6:      layout_cave_pools
D:7:      layout_basic, kennysheep_windowed_goal

Skill      XL: |  1  2  3  4  5  6  7  8  9 |
---------------+----------------------------+-----
Fire Magic     | 3 4 5 |  5.0
Spellcasting   | 3 4 |  4.0
Maces & Flails | 4 6 9 |  9.0
Shields        | 3 6 |  6.2
Fighting       | |  2.6

Action                   |  1- 3 |  4- 6 |  7- 9 || total
-------------------------+-------+-------+-------++-------
Melee: Mace              |    46 |    93 |    33 ||   172
       Tailslap          |     3 |     7 |    23 ||    33
       Unarmed           |       |    13 |       ||    13
       Flail             |       |       |    76 ||    76
       Morningstar       |       |       |     5 ||     5
Throw: Stone             |     1 |       |       ||     1
 Cast: Scorch            |    21 |    65 |    82 ||   168
Invok: Fiery Armour      |       |     1 |       ||     1
Evoke: Wand              |       |       |     2 ||     2
  Use: Potion            |       |     3 |     2 ||     5
       Scroll            |       |       |    18 ||    18
Armor: Robe              |    22 |    38 |    43 ||   103
       Skin              |       |     2 |       ||     2
Dodge: Dodged            |    18 |    42 |    60 ||   120
Block: Kite shield       |       |    28 |    63 ||    91

Table legend: (Time is in decaauts)
 A = Elapsed time spent in this place.
 B = Non-inter-level travel time spent in this place.
 C = Inter-level travel time spent in this place.
 D = Time resting spent in this place.
 E = Time spent auto-exploring this place.
 F = Levels seen in this place.
 G = Mean time per level.
                   A        B        C        D        E       F      G
               +--------+--------+--------+--------+--------+-----+--------+
         Total |   6944 |   6783 |    161 |      0 |   5723 |   7 |  992.0 |
       Dungeon |   6944 |   6783 |    161 |      0 |   5723 |   7 |  992.0 |
               +--------+--------+--------+--------+--------+-----+--------+

Top non-repeatable levels by time:
     D:5: 1723 daAuts
     D:2: 1424 daAuts
     D:3: 1183 daAuts
     D:4: 994 daAuts
     D:1: 786 daAuts
     D:6: 707 daAuts
     D:7: 125 daAuts
